Map: 카이로스 정션 - 래더

Players

Maru - Winner!

  • Race: Terran Terran
  • League: Master
  • Spawn Location: 5:00

lllllllllll (sOs)

  • Race: Protoss Protoss
  • League: Master
  • Spawn Location: 11:00

Event: IEM Season 13 - Katowice Server Qualifiers America

VOD

Have the link to the VOD?

Description

Time

  • Played on: Jan. 6, 2019, 7:45 p.m.
  • Length: 10:25

All games in this series

Show
View Real Time Build Order
Export as new Build Order

Maru Terran - Winner!

Build Orders: Cyclone Opening 

Get SALT Encoding   

  12  0:00  SCV  
  13  0:12  SCV  
  14  0:17  Supply Depot  
  14  0:24  SCV  
  15  0:39  SCV  
  15  0:40  Barracks  
  16  0:45  Refinery  
  16  0:51  SCV  
  16  0:56  Refinery  
  17  1:03  SCV  
  18  1:15  SCV  
  19  1:30  Reaper, Orbital Command  
  20  1:44  Factory  
  20  1:56  SCV, Supply Depot  
  21  2:02  Reaper  
  22  2:08  SCV  
  23  2:20  SCV  
  24  2:29  Factory Tech Lab  
  24  2:32  SCV  
  24  2:34  Command Center  
  25  2:45  SCV  
  25  2:51  Starport  
  26  2:56  Cyclone  
  26  2:57  SCV  
  30  3:09  SCV  
  30  3:15  Supply Depot  
  30  3:21  SCV  
  31  3:36  SCV  
  31  3:38  Factory Tech Lab  
  31  3:39  Cloaking Field, Banshee  
  35  3:42  Barracks  
  35  3:46  Orbital Command  
  35  3:48  SCV  
  36  3:57  Siege Tank  
  36  3:58  Bunker  
  38  4:11  Marine  
  38  4:15  SCV x2  
  40  4:22  Banshee  
  43  4:27  SCV x2  
  43  4:30  Barracks Reactor, Supply Depot  
  43  4:31  Barracks Tech Lab  
  45  4:38  Refinery  
  45  4:39  SCV x2  
  47  4:49  Marine, Combat Shield  
  47  4:51  SCV x2  
  50  4:54  Supply Depot  
  50  5:03  SCV  
  49  5:07  Marine  
  48  5:20  Marine x2  
  43  5:24  SCV  
  43  5:25  Marine  
  43  5:26  Banshee  
  47  5:34  SCV  
  48  5:36  SCV, Siege Tank  
  48  5:38  Marine x2  
  52  5:43  Marine  
  52  5:46  SCV  
  50  5:50  SCV  
  50  5:55  Marine  
  50  5:56  Marine  
  48  5:58  SCV  
  48  6:01  Marine  
  48  6:03  SCV  
  49  6:11  SCV, Banshee  
  47  6:13  Marine x2  
  52  6:18  Marine  
  52  6:20  SCV  
  54  6:29  Barracks x3  
  54  6:30  Engineering Bay  
  54  6:31  Marine x2, SCV  
  54  6:32  SCV  
  58  6:36  Marine  
  57  6:43  SCV  
  57  6:44  Siege Tank  
  61  6:49  Marine  
  61  6:50  Supply Depot  
  61  6:54  Banshee  
  62  6:57  Supply Depot  
  62  6:58  Marine  
  62  6:59  Marine  
  67  7:07  Marine  
  68  7:16  Marine x2  
  68  7:19  Siege Tank  
  68  7:22  SCV  
  74  7:23  Marine x2  
  74  7:24  Marine  
  74  7:27  Marine  
  78  7:34  Marine  
  78  7:36  Marine, Banshee  
  80  7:40  Marine  
  80  7:41  Marine  
  80  7:42  Marine  
  85  7:45  Marine  
  86  7:51  Siege Tank  
  86  7:52  Marine  
  86  7:54  Marine  
  91  7:58  Marine  
  91  8:03  Marine x2  
  94  8:08  Marine  
  85  8:28  Siege Tank, Banshee  
  91  8:37  Marine x4  
  95  8:50  Marine x2  
  95  8:55  Marine x2  
  98  9:03  Bunker  
  98  9:04  Bunker  
  85  9:11  Banshee  
  73  9:17  Marine x2  
  73  9:21  Marine  
  73  9:28  Marine  
  73  9:29  Marine  
  74  9:32  SCV x2  
  76  9:41  Siege Tank  
  77  9:59  Marine  
  77  10:00  Marine x2  
Show
View Real Time Build Order
Export as new Build Order

lllllllllll Protoss 

Build Orders: 1 Gate Expand, Colossus Rush 

Get SALT Encoding   

  12  0:00  Probe  
  13  0:12  Probe  
  14  0:17  Pylon  
  14  0:24  Probe  
  15  0:32  Probe  
  15  0:38  Gateway  
  15  0:40  Probe  
  16  0:47  Assimilator  
  17  0:52  Probe  
  18  1:04  Probe  
  19  1:16  Probe  
  20  1:28  Cybernetics Core  
  20  1:42  Nexus, Probe  
  21  1:48  Pylon  
  21  1:55  Assimilator  
  21  1:56  Probe  
  21  1:57  Adept  
  22  2:07  Warp Gate  
  24  2:09  Probe  
  25  2:23  Probe  
  25  2:25  Stalker  
  28  2:36  Probe  
  29  2:43  Robotics Facility  
  29  2:48  Probe  
  29  2:55  Stalker  
  31  3:00  Probe  
  32  3:07  Probe  
  32  3:09  Probe  
  33  3:17  Probe x2  
  33  3:24  Shield Battery  
  33  3:26  Stalker  
  37  3:29  Probe x2  
  37  3:30  Observer  
  40  3:43  Warp Prism  
  40  3:44  Gateway  
  40  3:47  Gateway  
  42  3:56  Probe  
  42  3:57  Probe  
  44  4:06  Pylon  
  42  4:14  Stalker  
  42  4:15  Probe x2  
  45  4:19  Observer  
  46  4:25  Robotics Bay  
  46  4:27  Assimilator  
  46  4:28  Probe  
  46  4:29  Assimilator  
  46  4:30  Probe  
  48  4:36  Pylon  
  48  4:41  Observer  
  48  4:43  Shield Battery  
  49  4:53  Zealot x2  
  49  4:56  Zealot  
  49  4:57  Probe x2  
  57  5:02  Observer, Forge  
  56  5:10  Observer  
  56  5:18  Stalker x3  
  56  5:23  Probe x2  
  53  5:41  Probe x2  
  55  5:43  Stalker x3  
  61  5:51  Protoss Ground Weapons Level 1  
  61  5:52  Pylon  
  61  5:53  Probe x2  
  61  5:56  Colossus  
  59  6:04  Pylon  
  59  6:05  Probe x2  
  59  6:17  Probe x2  
  64  6:25  Probe x2  
  66  6:26  Extended Thermal Lance  
  68  6:40  Probe  
  68  6:41  Probe  
  68  6:43  Sentry, Zealot  
  68  6:44  Zealot  
  76  6:48  Pylon  
  76  6:57  Photon Cannon  
  76  7:03  Colossus  
  76  7:08  Stalker x2  
  84  7:21  Stalker  
  86  7:26  Nexus  
  86  7:28  Nexus  
  86  7:29  Protoss Ground Armor Level 1, Pylon  
  86  7:35  Gateway  
  86  7:49  Probe x2  
  86  7:50  Zealot x2, Stalker  
  94  7:59  Pylon  
  94  8:07  Colossus  
  94  8:12  Zealot  
  98  8:25  Stalker x2  
  100  8:31  Pylon  
  100  8:32  Pylon  
  100  8:36  Zealot x2  
  102  8:42  Pylon  
  102  8:44  Pylon  
  102  8:55  Stalker x2  
  106  8:59  Stalker  
  94  9:10  Colossus  
  64  9:18  Stalker x3  
  74  9:25  Zealot  
  72  9:33  Probe  
  73  9:43  Stalker x3  
  79  9:48  Observer  
  67  10:01  Stalker  
  68  10:11  Stalker x3  

Tags
 
Add a new tag
Caveats
  • Supply blocks, unpowered buildings, or Contaminate may cause inaccurate times.
  • Supply counts are checked every 10 seconds.